 Dungeon Crawl Stone Soup version 0.21-a0-525-ga34b322 (webtiles) character file.

1473 theanonym the Cleaver (level 8, -6/73 HPs)
             Began as a Ghoul Fighter on Dec 7, 2017.
             Killed from afar by a steam dragon (10 damage)
             ... with a ball of steam
             ... on level 6 of the Dungeon.
             The game lasted 00:07:40 (4612 turns).

theanonym the Cleaver (Ghoul Fighter)               Turns: 4612, Time: 00:07:41

Health: -6/73      AC: 10    Str: 25    XL:     8   Next: 78%
Magic:  7/7        EV:  5    Int:  3    God:
Gold:   353        SH:  9    Dex:  8    Spells: 7/7 levels left

rFire    . . .     SeeInvis +   a - +0 war axe
rCold    + . .     Gourm    .   c - +0 shield
rNeg     + + +     Faith    .   s - +0 chain mail
rPois    ∞         Spirit   .   (no helmet)
rElec    .         Reflect  .   (no cloak)
rCorr    .         Harm     .   g - +0 pair of gloves
MR       .....                  (no boots)
Stlth    ..........             (no amulet)
HPRegen  0.00/turn              f - +3 ring of strength
MPRegen  0.10/turn              D - ring of see invisible {SInv}

@: about to teleport, rotting
A: rotting body, claws 1, carnivore 3, cold resistance 1, negative energy
resistance 3, inhibited regeneration, torment resistance, unbreathing
a: no special abilities


Innate Abilities, Weirdness & Mutations

Your body is rotting away.
You thrive on raw meat.
You are immune to poison.
You have sharp fingernails.
You are carnivorous and can eat meat at any time.
Your flesh is cold resistant. (rC+)
You are immune to negative energy. (rN+++)
You do not regenerate when monsters are visible.
You are immune to unholy pain and torment.
You can survive without breathing.


   Skills:
 + Level 7.4 Fighting
 * Level 8.1 Axes
 - Level 2.7 Armour
 - Level 2.7 Shields


You had 7 spell levels left.
You didn't know any spells.

Skill      XL: |  1  2  3  4  5  6  7  8 |
---------------+-------------------------+-----
Axes           | 2 3 4 5 6 8 |  8.1
Fighting       | 4 5 6 7 |  7.4
Armour         | |  2.7
Shields        | |  2.7

Action                   |  1- 3 |  4- 6 |  7- 9 || total
-------------------------+-------+-------+-------++-------
Melee: War axe           |   134 |   120 |   189 ||   443
Evoke: Wand              |       |     2 |     3 ||     5
  Use: Scroll            |       |       |     7 ||     7
       Potion            |       |       |     2 ||     2
  Eat: Chunk             |     2 |     9 |    12 ||    23
Armor: Scale mail        |    71 |    22 |       ||    93
       Chain mail        |       |    46 |    99 ||   145
Dodge: Dodged            |    49 |    37 |    32 ||   118
Block: Shield            |    82 |    55 |    88 ||   225

Inventory:

Hand Weapons
 a - a +0 war axe (weapon)
Armour
 b - a +0 scale mail {10}
 c - a +0 shield (worn)
 g - a +0 pair of gloves (worn)
   (You found it on level 1 of the Dungeon)
 s - a +0 chain mail (worn)
   (You found it on level 3 of the Dungeon)
Jewellery
 f - a +3 ring of strength (left hand)
   (You found it on level 1 of the Dungeon)
 n - an uncursed ring of ice {rC+ rF-}
   (You found it on level 5 of the Dungeon)
 A - an uncursed ring of ice {rC+ rF-}
   (You found it on level 5 of the Dungeon)
 D - a ring of see invisible (right hand) {SInv}
   (You found it on level 5 of the Dungeon)
Wands
 d - a wand of digging (16)
   (You took it off Sigmund on level 5 of the Dungeon)
 l - a wand of scattershot (2)
   (You found it on level 2 of the Dungeon)
 x - a wand of flame (31)
   (You found it on level 5 of the Dungeon)
Scrolls
 k - a scroll of random uselessness {unknown}
 r - a scroll of remove curse
 y - a scroll of magic mapping {!r}
Potions
 h - a potion of magic
 j - 2 potions of degeneration
 m - a potion of ambrosia
 p - a potion of heal wounds {unknown}
 t - a potion of flight {unknown}
 u - a potion of cancellation {unknown}
 v - a potion of lignification {unknown}
 w - a potion of haste {unknown}
 B - 2 potions of berserk rage {!q}
 C - a potion of might
Books
 i - a book of Misfortune
   (You found it on level 4 of the Dungeon)
Comestibles
 e - 2 royal jellies
 o - 4 meat rations
 q - 4 chunks of flesh

Dungeon Overview and Level Annotations

Branches:
Dungeon (6/15)             Temple (0/1) D:6

Altars:
Xom
The Shining One

Shops:
D:5 }


You were on level 6 of the Dungeon.
You were not hungry.

You visited 1 branch of the dungeon, and saw 6 of its levels.

You collected 353 gold pieces.


Message History

An adder is nearby!!!
You slice the adder like a ripe choko!!!
You annihilate the adder!!!
No target in view!!!
No target in view!!!
No target in view!!!
No target in view!!!
No target in view!!!
No target in view!!!
No target in view!!!
No target in view!!!
You butcher the adder corpse!
q - 4 chunks of flesh (gained 2)
You see here an adder skeleton! x2
A shadow imp comes into view!
The shadow imp shouts, "Give up, thou foppish sow-suckled pissant!!!"
The shadow imp hits you but does no damage!
Found a chain mail!
A shadow imp is nearby!!!
A shadow imp is nearby!!!
A shadow imp is nearby!!!
A shadow imp is nearby!!!
You closely miss the shadow imp!
The shadow imp hits you but does no damage!
Your shield prevents you from hitting the shadow imp!
You block the shadow imp's attack!
You barely miss the shadow imp!
The shadow imp hits you but does no damage!
You open the shadow imp like a pillowcase!!!
You annihilate the shadow imp!!!
No target in view!!!
No target in view!!!
No target in view!!!
B - 3 grey potions (gained 2)
A steam dragon comes into view!
The steam dragon hisses angrily!
The steam dragon moves out of view!
The steam dragon breathes steam at you! The ball of steam hits you!!!
You hear an angry hiss! x2
You're standing in a cloud of steam!!!
You take 15 damage, and have 58/73 hp!
MASSIVE DAMAGE!!!!!!
You're standing in a cloud of steam!!!
You start resting!
You chop the steam dragon into pieces! You block the steam dragon's attack!
The steam dragon claws you!
You take 1 damage, and have 58/73 hp!
You closely miss the steam dragon! The steam dragon bites you!!!
The steam dragon claws you but does no damage!
You take 7 damage, and have 51/73 hp!
You carve the steam dragon like a ham! The steam dragon bites you!
You block the steam dragon's attack!
A steam dragon comes into view!
You take 2 damage, and have 49/73 hp!
Aim: a steam dragon (hasn't noticed you)
The burst of metal fragments hits the steam dragon! x4
You hear an angry hiss!
The steam dragon bites you but does no damage!
You block the steam dragon's attack!
Aim: a steam dragon (lightly wounded)
The burst of metal fragments hits the steam dragon! x3
The steam dragon breathes steam at you! The ball of steam misses you!
The steam dragon breathes steam at you!
The ball of steam hits you!!! * * * don't die
* * * You hear a croak!
You take 14 damage, and have 35/73 hp!
The steam dragon bites you! * * * don't die
* * * The steam dragon claws you! * * * don't die
* * * You take 6 damage, and have 29/73 hp!
As you read the scroll labeled ESTUEV GENERO, it crumbles to dust!
You feel as if something is helping you!
It was a scroll of remove curse!
You block the steam dragon's attack! The steam dragon barely misses you!
Okay, then!
A steam dragon comes into view!
As you read the scroll labeled HOIMMI YNTONER, it crumbles to dust!
You feel aware of your surroundings!
It was a scroll of magic mapping!
y - a scroll of magic mapping;
n - an uncursed ring of ice {rC+ rF-} The steam dragon breathes steam at you!
The ball of steam hits you!!! * * * don't die
* * * You take 21 damage, and have 8/73 hp!
MASSIVE DAMAGE!!!!!!
It was a potion of berserk rage!
You cannot raise a blood rage in your lifeless body!
The steam dragon bites you! * * * don't die
* * * The steam dragon barely misses you!
You take 4 damage, and have 4/73 hp!
As you read the scroll labeled YGUISE ZUCHIFF, it crumbles to dust!
You feel strangely unstable!
It was a scroll of teleportation!
You block the steam dragon's attack!
The steam dragon claws you but does no damage!
Okay, then!
The steam dragon breathes steam at you! The ball of steam hits you!!! rip

*********### *,,,,,,,,..#
*,*******#.# ********,*####
#.# # *,,,,,,..,,..#
##.###############
*,*****#.**#.#
#................. *,* #.*
#.###@.####...÷....... *,*
#.* #DDD§.......##..######
*,*#####.###.###..#######..#
# *,,......[...###..# #..# #
*,,**###......§#..# #..# #
,,,,,,,##.##......#
#).######
,,,****#...########*
#........ **,*
#..§§.#**≈≈≈≈**** #.#####.#
**,* #≈..D.#*,,,,,≈≈≈***,*
#.#


You could see a steam dragon.

Notes
Turn   | Place    | Note
-------+----------+-------------------------------------------
     0 | D:1      | theanonym the Ghoul Fighter began the quest for the Orb.
     0 | D:1      | Reached XP level 1. HP: 19/19 MP: 0/0
    22 | D:1      | Reached skill level 2 in Axes
    31 | D:1      | Reached XP level 2. HP: 26/26 MP: 1/1
   147 | D:1      | HP: 12/26 [jackal (3)]
   152 | D:1      | HP: 4/26 [jackal (3)]
   514 | D:1      | Reached XP level 3. HP: 33/33 MP: 2/2
  1040 | D:2      | Found a shimmering altar of Xom.
  1054 | D:2      | Reached skill level 3 in Axes
  1234 | D:2      | Found a glowing golden altar of the Shining One.
  1374 | D:2      | Reached skill level 4 in Fighting
  1390 | D:2      | Reached XP level 4. HP: 25/40 MP: 3/3
  1920 | D:3      | Reached XP level 5. HP: 46/47 MP: 4/4
  2380 | D:3      | Reached skill level 4 in Axes
  2759 | D:4      | Noticed an ogre
  2762 | D:4      | Killed an ogre
  2762 | D:4      | Reached skill level 5 in Fighting
  2762 | D:4      | Reached XP level 6. HP: 56/56 MP: 5/5
  2883 | D:4      | Reached skill level 5 in Axes
  3057 | D:4      | Noticed Menkaure
  3063 | D:4      | Killed Menkaure
  3063 | D:4      | Reached XP level 7. HP: 61/61 MP: 6/6
  3167 | D:4      | HP: 28/61 [ice beast (3)]
  3175 | D:4      | HP: 21/61 [ice beast (1)]
  3461 | D:4      | Reached skill level 6 in Fighting
  3461 | D:4      | Reached skill level 6 in Axes
  3528 | D:5      | Entered Level 5 of the Dungeon
  3671 | D:5      | Reached XP level 8. HP: 51/71 MP: 7/7
  3817 | D:5      | Reached skill level 7 in Axes
  3923 | D:5      | Found Onan's Gadget Boutique.
  4017 | D:5      | Noticed Sigmund
  4033 | D:5      | HP: 34/70 [something (3)]
  4039 | D:5      | Killed Sigmund
  4039 | D:5      | Reached skill level 7 in Fighting
  4516 | D:6      | Reached skill level 8 in Axes
  4603 | D:6      | HP: 35/73 [steam dragon/ball of steam (14)]
  4607 | D:6      | HP: 8/73 [steam dragon/ball of steam (21)]
  4612 | D:6      | Killed from afar by a steam dragon

Vanquished Creatures
  Sigmund (D:5)
  Menkaure (D:4)
  A sky beast (D:5)
  2 ice beasts
  2 ogres
  3 centaurs
  A bullfrog (D:6)
  A scorpion (D:5)
  A hound (D:4)
  2 orc wizards
  4 worker ants
  A hound skeleton (D:4)
  A howler monkey zombie (D:3)
  3 gnolls (D:2)
  6 adders
  2 shadow imps
  An ooze (D:5)
  An adder skeleton (D:4)
  A worm (D:2)
  2 dart slugs
  3 leopard geckos
  10 orcs
  4 giant cockroaches
  8 goblins
  13 hobgoblins
  12 jackals
  2 quokkas
  5 bats
  6 frilled lizards
  5 kobolds
  A leopard gecko skeleton (D:4)
  A leopard gecko zombie (D:5)
  6 rats
113 creatures vanquished.

Table legend:
 A = Turns spent in this place as a percentage of turns spent in the entire game.
 B = Non-inter-level travel turns spent in this place as a percentage of non-inter-level travel turns spent in the entire game.
 C = Inter-level travel turns spent in this place as a percentage of turns spent in this place.
 D = Turns resting spent in this place as a percentage of non-inter-level travel turns spent in this place.
 E = Turns spent auto-exploring this place as a percentage of non-inter-level travel turns spent in this place.
 F = Non-inter-level travel turns spent in this place divided by the number of levels of this place that you've seen.
                   A       B       C       D       E      F
               +-------+-------+-------+-------+-------+----------------------
         Total | 100.0 | 100.0 |   3.5 |  18.8 |  62.6 | 741.7
       Dungeon | 100.0 | 100.0 |   3.5 |  18.8 |  62.6 | 741.7
               +-------+-------+-------+-------+-------+----------------------
